 Dungeon Crawl Stone Soup version 0.17-a0-1787-g4aeb8be (webtiles) character file.

131 Rkyn the Skirmisher (level 5, -6/55 HPs)
             Began as an Ogre Berserker on Sept 9, 2015.
             Was an Initiate of Trog.
             Mangled by a gnoll
             ... wielding a +0 club
              (9 damage)
             ... on level 3 of the Dungeon.
             The game lasted 00:09:46 (1555 turns).

Rkyn the Skirmisher (Ogre Berserker)                Turns: 1555, Time: 00:09:46

Health: -6/55      AC:  3    Str: 24    XL:     5   Next: 14%
Magic:  9/9        EV:  6    Int:  6    God:    Trog [......]
Gold:   77         SH: 12    Dex: 10    Spells: 0 memorised, 10 levels left

rFire  . . .     SeeInvis .     a - +0 mace
rCold  . . .     Rnd*Rage +     b - +0 animal skin
rNeg   . . .     SustAt   .     e - +0 large shield
rPois  .         Gourm    .     (helmet restricted)
rElec  .         Spirit   .     (no cloak)
rCorr  .         Warding  .     (gloves unavailable)
rMut   .         Stasis   .     (boots unavailable)
MR     .....                    (no amulet)
Stlth  ++........               (no ring)
                                (no ring)

@: not resistant to hostile enchantments, unstealthy
A: unfitting armour, berserk 1, frail 1, strong 1, tough skin 1
a: Burn Spellbooks, Renounce Religion


You were on level 3 of the Dungeon.
You worshipped Trog.
Trog was noncommittal.
You were full.

You visited 1 branch of the dungeon, and saw 3 of its levels.

You collected 77 gold pieces.

Inventory:

Hand weapons
 a - a +0 mace (weapon)
Armour
 b - a +0 animal skin (worn)
 e - a +0 large shield (worn)
 k - a +0 robe
Magical devices
 j - a wand of confusion (29)
 m - a wand of slowing (18)
Scrolls
 c - a scroll of teleportation {unknown}
 d - a scroll of random uselessness {unknown}
 f - a scroll of enchant weapon {unknown}
 g - a scroll of amnesia {unknown}
 h - 6 scrolls of identify {unknown}
 i - a scroll of remove curse {unknown}
Comestibles
 l - 2 meat rations


   Skills:
 + Level 7.6 Fighting
 + Level 7.3 Maces & Flails
 + Level 3.1 Throwing
 + Level 2.3 Armour
 + Level 5.3 Dodging
 + Level 2.7 Stealth
 + Level 0.1 Shields
 + Level 2.5 Unarmed Combat
 + Level 3.1 Spellcasting


You had 10 spell levels left.
You didn't know any spells.

Dungeon Overview and Level Annotations

Branches:
Dungeon (3/15)

Altars:


Innate Abilities, Weirdness & Mutations

You are too large for most types of armour.
You have tough skin (AC +1).
You tend to lose your temper in combat.
You are frail (-10% HP).
Your muscles are strong. (Str +2)


Message History

You hit the gnoll but do no damage. The gnoll hits you with a club!
You block the gnoll's attack.
You hit the gnoll but do no damage. You block the gnoll's attack.
The gnoll hits you from afar with a spear.
* * * LOW HITPOINT WARNING * * *
You closely miss the gnoll. The gnoll hits you with a club.
* * * LOW HITPOINT WARNING * * *
You block the gnoll's attack. The gnoll hits you with a club.
* * * LOW HITPOINT WARNING * * *
You block the gnoll's attack.
You hit the gnoll but do no damage.
The gnoll hits you from afar with a spear!
* * * LOW HITPOINT WARNING * * *
The gnoll closely misses you. You block the gnoll's attack.
You barely miss the gnoll. You block the gnoll's attack.
The gnoll hits you but does no damage.
You hit the gnoll.
The gnoll is heavily wounded.
The gnoll hits you with a club!
You die...

#.# ##.# ######..#
.......># #.<# #..#
#..#
############..######
........@gg).......#
############..####.#
#..# ...# ##.# ..
..# #.#


You could see 2 gnolls.

Vanquished Creatures
  2 gnolls (D:3)
  4 adders (D:2)
  An ooze (D:1)
  A worm (D:2)
  A ball python (D:1)
  A bat (D:1)
  A giant cockroach (D:2)
  9 hobgoblins
  A quokka (D:2)
  A giant newt (D:2)
  4 goblins
  7 jackals (D:1)
  3 kobolds
  3 rats
39 creatures vanquished.

Notes
Turn   | Place    | Note
--------------------------------------------------------------
     0 | D:1      | Rkyn the Ogre Berserker began the quest for the Orb.
     0 | D:1      | Reached XP level 1. HP: 24/24 MP: 1/1
    63 | D:1      | Reached XP level 2. HP: 12/32 MP: 2/2
   351 | D:1      | Reached XP level 3. HP: 7/40 MP: 3/3
   365 | D:1      | Gained mutation: Your muscles are strong. (Str +2) [potion of mutation]
   365 | D:1      | Gained mutation: You are frail (-10% HP). [potion of mutation]
   365 | D:1      | Gained mutation: You tend to lose your temper in combat. [potion of mutation]
   366 | D:1      | Reached skill level 7 in Fighting
   366 | D:1      | Reached skill level 5 in Dodging
   366 | D:1      | Reached XP level 4. HP: 10/49 MP: 3/8
  1534 | D:3      | Reached XP level 5. HP: 55/55 MP: 9/9
  1555 | D:3      | Mangled by a gnoll

Vault maps used:
D:1:      dpeg_arrival_round_a
D:3:      okawaru_metal_pillars_1_2, first_bread

Action                   |  1- 3 |  4- 6 || total
-------------------------+-------+-------++-------
Melee: Mace              |    63 |    78 ||   141
  Use: Potion            |     3 |       ||     3
 Stab: Sleeping          |       |     2 ||     2
       Distracted        |       |     1 ||     1
  Eat: Bread ration      |       |     2 ||     2
